 Dungeon Crawl Stone Soup version 0.29.1-15-g9cfb28693d (webtiles) character file.

Game seed: 14875455629350216832

121 ThatPearl the Chopper (level 4, -4/37 HPs)
             Began as a Demonspawn Gladiator on Mar 9, 2023.
             Slain by a gnoll
             ... wielding a +0 halberd
              (6 damage)
             ... on level 3 of the Dungeon.
             The game lasted 00:06:06 (2818 turns).

ThatPearl the Chopper (Demonspawn Gladiator)        Turns: 2818, Time: 00:06:06

Health: -4/37      AC:  6    Str: 16    XL:     4   Next: 77%
Magic:  4/4        EV: 13    Int: 10    God:
Gold:   180        SH:  0    Dex: 14    Spells: 3/3 levels left

rFire   . . .      SeeInvis .   a - +0 war axe
rCold   . . .      Faith    .   (no shield)
rNeg    . . .      Spirit   .   f - +0 ring mail
rPois   .          Reflect  .   c - +0 helmet
rElec   .          Harm     .   (no cloak)
rCorr   .          Rampage  .   (no gloves)
Will    .....                   (no boots)
Stlth   +.........              (no amulet)
HPRegen 0.12/turn               (no ring)
MPRegen 0.09/turn               (no ring)

@: no status effects
A: repulsion field 1, spiny 1
a: no special abilities


You were on level 3 of the Dungeon.
You visited 1 branch of the dungeon, and saw 3 of its levels.

You collected 180 gold pieces.

Inventory:

Hand Weapons
 a - a +0 war axe (weapon)
 B - a +2 dagger of venom
Missiles
 d - 3 throwing nets (quivered)
 e - a javelin
 w - 18 stones
 y - 5 curare-tipped darts
Armour
 c - a +0 helmet (worn)
 f - a +0 ring mail (worn)
 x - a +0 tower shield
Jewellery
 m - a ring of resist corrosion
 n - a ring of see invisible
 A - a ring of resist corrosion
Scrolls
 h - 3 scrolls of identify {unknown}
 i - 2 scrolls of vulnerability {unknown}
 j - a scroll of poison {unknown}
 l - 2 scrolls of enchant weapon {unknown}
 o - a scroll of magic mapping {unknown}
 p - a scroll of butterflies {unknown}
 q - a scroll of blinking {unknown}
 r - a scroll of teleportation {unknown}
Potions
 b - a potion of invisibility {unknown}
 g - 3 potions of curing {unknown}
 k - 2 potions of berserk rage {unknown}
 s - a potion of magic {unknown}
 t - a potion of degeneration {unknown}
 u - a potion of brilliance {unknown}
 v - a potion of heal wounds {unknown}
 z - a potion of haste {unknown}


   Skills:
 + Level 3.8 Fighting
 + Level 4.0 Axes
 - Level 1.7 Throwing
 - Level 2.6 Dodging


You had 3 spell levels left.
You didn't know any spells.
Your spell library was empty.

Dungeon Overview and Level Annotations

Branches:
Dungeon (3/15)

Altars:


Innate Abilities, Weirdness & Mutations

You are surrounded by a mild repulsion field. (EV +2)
You are partially covered in sharp spines.


Message History

w - 18 stones (gained 2)
Found a short sword.
Found a mace.
You see here a +0 short sword.
A dart slug comes into view. 3 gnolls come into view.
The gnoll shouts! x3; You hear a shout!
A gnoll comes into view. It is wielding a +0 spear.
A goblin comes into view. It is wielding a +0 dagger.
The goblin shouts!
The gnoll shouts!
The gnoll hits you with a +0 spear.
You barely miss the gnoll. The gnoll misses you. The gnoll barely misses you.
The gnoll completely misses you.
The gnoll hits you from afar with a +0 spear.
The gnoll misses you. The gnoll hits you with a +0 spear.
The gnoll barely misses you. The gnoll attacks as you move away!
The gnoll is struck by your spines. The gnoll hits you with a +0 spear!
The dart slug launches a dart at you. The slug dart misses you.
The gnoll hits you from afar with a +0 spear.
The gnoll barely misses you. The dart slug launches a dart at you.
The slug dart hits you but does no damage.
The gnoll closely misses you.
The gnoll hits you from afar with a +0 spear.
You hit the gnoll.
The gnoll is moderately wounded.
The gnoll hits you from afar with a +0 spear.
The gnoll barely misses you. The gnoll is struck by your spines.
The gnoll hits you with a +0 halberd!
* * * LOW HITPOINT WARNING * * *
You barely miss the gnoll.
The gnoll is moderately wounded.
The gnoll barely misses you.
The gnoll hits you from afar with a +0 spear.
* * * LOW HITPOINT WARNING * * *
The gnoll closely misses you.
The gnoll hits you from afar with a +0 halberd.
You die...

####### .. .......
####.########## #.......#
#........ ##.g.....# .......##
########g......# #....@.ggg......
###.######w......# ###...#
####.#### #.#####.....# #.#
#...........###### #.#
######.#)...[...# #.# #
##.#.#.....##.####.# #
#####.#.............##.# #
.....###.#.....##.#.##.##########


You could see 4 gnolls and a dart slug.

Vanquished Creatures
  2 adders
  A worm (D:3)
  2 dart slugs
  3 orcs (D:3)
  2 endoplasms (D:2)
  6 giant cockroaches
  10 goblins
  5 hobgoblins
  11 jackals
  9 kobolds
  5 quokkas
  7 ball pythons
  6 bats
  5 frilled lizards
  10 rats
84 creatures vanquished.

Notes
Turn   | Place    | Note
-------+----------+-------------------------------------------
     0 | D:1      | ThatPearl the Demonspawn Gladiator began the quest for the
                  | Orb.
     0 | D:1      | Reached XP level 1. HP: 16/16 MP: 1/1
    79 | D:1      | Reached skill level 3 in Axes
    79 | D:1      | Gained mutation: You are partially covered in sharp spines.
                  | [demonic ancestry]
    79 | D:1      | Reached XP level 2. HP: 12/23 MP: 2/2
   708 | D:1      | Gained mutation: You are surrounded by a mild repulsion
                  | field. (EV +2) [demonic ancestry]
   708 | D:1      | Reached XP level 3. HP: 28/28 MP: 3/3
  1181 | D:2      | Found a faded altar of an unknown god.
  1509 | D:2      | Reached XP level 4. HP: 35/35 MP: 4/4
  2579 | D:3      | Reached skill level 4 in Axes
  2817 | D:3      | HP: 1/37 [gnoll/+0 spear (1)]
  2818 | D:3      | Slain by a gnoll

Illustrated notes

Levels and vault maps discovered:
D:1:      psy_arrival_whirlpool, layout_basic, minmay_pentomino_v4
D:2:      layout_loops_cross, basic_ecumenical_altar
D:3:      minmay_chambers_of_twos, layout_loops_ring, minmay_snake_closets

Skill      XL: |  1  2  3  4 |
---------------+-------------+-----
Axes           | 3 4 |  4.0
Fighting       | 3 |  3.8
Throwing       | |  1.7
Dodging        | |  2.6

Action                   |  1- 3 |  4- 6 || total
-------------------------+-------+-------++-------
Melee: War axe           |    78 |    66 ||   144
       Punch             |       |     1 ||     1
Armor: Ring mail         |    43 |    26 ||    69
Dodge: Dodged            |    60 |    46 ||   106
